AoeStats
← guerras90

Glade

510349987Analyzed
1v1 RM · 15h ago on Sep 30, 2026· 18m 3s· 2 players
Game mode
Random Map
Map size
Tiny (2 player)
Population
200
Speed
Normal
Resources
Standard
Victory
Conquest
Starting age
Dark Age
Ending age
Imperial Age
RankedLock teamsTeams togetherTeam positionsShared explorationLock speedFull tech treeHidden civsTurbo modeCheats
Victory
Defeat
🇬🇧 Japanese · United Kingdom
819
+17
🇪🇸 Chinese · Spain
844
-17
Hough A Luv
4:05 Loom
11:50 Feudal Age
12:27 Man-at-Arms
15:29 Forging
16:14 Arson
16:34 Scale Mail Armor
17:22 Wheelbarrow
16:40 Stone Mining
18:17 Town Watch
guerras90
2:16 Loom
12:43 Feudal Age
14:06 Man-at-Arms
Connection lost

Rejoining the realm…

Still unreachable

The connection could not be restored.

Session expired

The server has moved on; the page needs a fresh start.